[ AOE2 MATCH · #495398876 ]
UnrankedSlavs vs Gurjaras
Player's team · WIN
Rival team · LOSS
[ REPLAY ANALYSIS · EXTRACTED FROM THE RECORDED GAME ]
Feudal
11:46
Castle
16:19
Imperial
40:12
| APM avg | 64.6 |
| APM peak | 100 |
| eAPM avg | 31.6 |
| Villagers / military | 148 / 105 |
Focus
⚔️ 41.5% · 🌾 58.5%
Cavalry Archer ×34 · Spearman ×27 · Militia ×12 · Boyar ×11 · Skirmisher ×6 · Knight ×3
Feudal
8:52
Castle
18:16
Imperial
—
| APM avg | 54.4 |
| APM peak | 147 |
| eAPM avg | 27.5 |
| Villagers / military | 161 / 98 |
Focus
⚔️ 40.3% · 🌾 59.7%
Skirmisher ×44 · Camel Scout ×24 · Elephant Archer ×15 · Armored Elephant ×8 · Mangonel ×4 · Scout Cavalry ×2
Match map
Initial resources + every placement click. Lines = walls · curves = elevation contours. ◆ gold · ⬟ stone · ● berries · ✦ relic · ◌ wall gap
Your base· ✓ Closed at 16:19 · 50t walls · 1 gate(s)
GKT_Cloud's base· Open — opponent sealed themselves in
Smoothed initial terrain · ◌ = detected wall gap · hover for details
Inputs per minute
— hK | Siesta - - GKT_Cloud
Build order — hK | Siesta
First 150 of 436 actions detected
| 0:01 | Create | Villager (Male) |
| 0:01 | Create | Villager (Male) |
| 0:02 | Build | House |
| 0:03 | Build | House |
| 0:11 | Create | Villager (Male) |
| 0:11 | Create | Villager (Male) |
| 1:27 | Create | Villager (Male) |
| 1:52 | Build | Lumber Camp |
| 2:01 | Create | Villager (Male) |
| 2:18 | Create | Villager (Male) |
| 2:48 | Create | Villager (Male) |
| 2:48 | Create | Villager (Male) |
| 3:03 | Create | Villager (Male) |
| 3:03 | Create | Villager (Male) |
| 3:36 | Create | Villager (Male) |
| 4:00 | Build | House |
| 4:04 | Create | Villager (Male) |
| 4:27 | Create | Villager (Male) |
| 4:42 | Create | Villager (Male) |
| 4:43 | Create | Villager (Male) |
| 4:46 | Build | Barracks |
| 5:03 | Create | Villager (Male) |
| 5:11 | Build | House |
| 5:17 | Build | House |
| 5:41 | Create | Militia |
| 5:45 | Create | Militia |
| 5:54 | Build | Palisade Wall |
| 6:02 | Create | Villager (Male) |
| 6:06 | Build | Palisade Gate |
| 6:16 | Create | Militia |
| 6:27 | Build | Mill |
| 6:40 | Create | Villager (Male) |
| 6:50 | Create | Villager (Male) |
| 6:50 | Create | Villager (Male) |
| 7:07 | Build | Mill |
| 7:19 | Create | Villager (Male) |
| 7:28 | Create | Villager (Male) |
| 7:38 | Create | Villager (Male) |
| 8:08 | Create | Villager (Male) |
| 8:09 | Build | Farm |
| 8:19 | Build | Farm |
| 8:48 | Create | Villager (Male) |
| 8:51 | Build | Farm |
| 8:57 | Research | Loom |
| 9:23 | Build | Palisade Wall |
| 9:24 | Build | Palisade Wall |
| 9:31 | Research | Feudal Age |
| 10:04 | Build | Palisade Wall |
| 10:05 | Build | Palisade Wall |
| 10:27 | Build | Mining Camp |
| 10:43 | Build | Palisade Wall |
| 11:04 | Build | Palisade Wall |
| 11:06 | Build | Palisade Wall |
| 11:09 | Build | Palisade Wall |
| 11:13 | Build | Palisade Wall |
| 11:26 | Build | Palisade Wall |
| 11:33 | Build | Palisade Wall |
| 11:46 | Age | Feudal Age |
| 11:47 | Build | House |
| 11:48 | Create | Villager (Male) |
| 11:52 | Create | Villager (Male) |
| 12:09 | Build | Archery Range |
| 12:27 | Create | Villager (Male) |
| 12:47 | Build | Blacksmith |
| 12:52 | Create | Villager (Male) |
| 13:03 | Build | Palisade Wall |
| 13:23 | Build | Palisade Wall |
| 13:24 | Build | Palisade Wall |
| 13:26 | Build | Palisade Wall |
| 13:29 | Build | Palisade Wall |
| 13:34 | Build | House |
| 13:39 | Research | Castle Age |
| 13:39 | Research | Castle Age |
| 13:41 | Build | Farm |
| 13:43 | Build | Farm |
| 13:46 | Create | Archer |
| 13:52 | Create | Spearman |
| 14:08 | Create | Archer |
| 14:19 | Create | Spearman |
| 14:24 | Build | Farm |
| 14:29 | Build | Palisade Wall |
| 14:32 | Build | Palisade Wall |
| 14:48 | Research | Double-Bit Axe |
| 15:18 | Build | Archery Range |
| 15:41 | Research | Fletching |
| 15:41 | Research | Fletching |
| 15:42 | Create | Villager (Male) |
| 16:04 | Create | Villager (Male) |
| 16:14 | Build | Farm |
| 16:16 | Build | Farm |
| 16:19 | Age | Castle Age |
| 16:24 | Create | Villager (Male) |
| 16:25 | Create | Cavalry Archer |
| 16:26 | Create | Cavalry Archer |
| 16:27 | Create | Cavalry Archer |
| 16:40 | Create | Cavalry Archer |
| 16:52 | Create | Cavalry Archer |
| 16:59 | Build | Farm |
| 17:01 | Research | Bodkin Arrow |
| 17:03 | Create | Cavalry Archer |
| 17:04 | Create | Cavalry Archer |
| 17:10 | Create | Villager (Male) |
| 17:24 | Build | Farm |
| 17:28 | Build | Farm |
| 17:40 | Create | Cavalry Archer |
| 17:46 | Create | Villager (Male) |
| 17:47 | Build | Farm |
| 17:51 | Create | Villager (Male) |
| 18:04 | Create | Cavalry Archer |
| 18:14 | Create | Villager (Male) |
| 18:16 | Build | Farm |
| 18:17 | Build | Farm |
| 18:29 | Create | Cavalry Archer |
| 18:29 | Create | Cavalry Archer |
| 18:53 | Create | Cavalry Archer |
| 18:53 | Create | Cavalry Archer |
| 19:02 | Create | Villager (Male) |
| 19:03 | Create | Villager (Male) |
| 19:10 | Create | Villager (Male) |
| 19:33 | Create | Cavalry Archer |
| 19:39 | Create | Villager (Male) |
| 20:03 | Create | Cavalry Archer |
| 20:03 | Create | Cavalry Archer |
| 20:06 | Build | Town Center |
| 20:16 | Create | Cavalry Archer |
| 20:18 | Research | Padded Archer Armor |
| 20:19 | Research | Bow Saw |
| 20:19 | Research | Bow Saw |
| 20:29 | Build | House |
| 20:33 | Create | Villager (Male) |
| 20:35 | Build | House |
| 20:43 | Create | Villager (Male) |
| 21:00 | Create | Villager (Male) |
| 21:18 | Create | Cavalry Archer |
| 21:18 | Create | Villager (Male) |
| 21:20 | Build | House |
| 21:21 | Build | House |
| 21:26 | Build | Farm |
| 21:29 | Create | Cavalry Archer |
| 21:43 | Create | Villager (Male) |
| 21:43 | Create | Villager (Male) |
| 21:47 | Build | House |
| 21:50 | Create | Skirmisher |
| 21:56 | Create | Villager (Male) |
| 22:16 | Create | Villager (Male) |
| 22:16 | Create | Villager (Male) |
| 22:32 | Create | Villager (Male) |
| 22:32 | Create | Cavalry Archer |
| 22:32 | Create | Cavalry Archer |
| 22:33 | Create | Villager (Male) |
Build order — GKT_Cloud
First 150 of 330 actions detected
| 0:00 | Create | Villager (Male) |
| 0:01 | Create | Villager (Male) |
| 0:01 | Create | Villager (Male) |
| 0:02 | Build | House |
| 0:03 | Build | House |
| 0:10 | Create | Villager (Male) |
| 0:10 | Create | Villager (Male) |
| 0:36 | Build | Mill |
| 1:42 | Create | Villager (Male) |
| 1:42 | Create | Villager (Male) |
| 1:56 | Create | Villager (Male) |
| 1:56 | Create | Villager (Male) |
| 2:28 | Create | Villager (Male) |
| 2:28 | Create | Villager (Male) |
| 2:50 | Create | Villager (Male) |
| 2:50 | Create | Villager (Male) |
| 3:12 | Create | Villager (Male) |
| 3:38 | Create | Villager (Male) |
| 3:39 | Create | Villager (Male) |
| 3:55 | Build | House |
| 4:00 | Create | Villager (Male) |
| 4:19 | Create | Villager (Male) |
| 4:35 | Create | Villager (Male) |
| 4:35 | Create | Villager (Male) |
| 5:26 | Build | Lumber Camp |
| 5:30 | Create | Villager (Male) ×5 |
| 5:50 | Research | Loom |
| 6:31 | Research | Feudal Age |
| 6:31 | Research | Feudal Age |
| 6:54 | Build | Mill |
| 7:38 | Build | House |
| 7:40 | Build | House |
| 8:11 | Build | Barracks |
| 8:20 | Create | Villager (Male) |
| 8:52 | Age | Feudal Age |
| 8:54 | Create | Villager (Male) |
| 9:18 | Create | Villager (Male) |
| 9:20 | Build | Stable |
| 9:47 | Research | Double-Bit Axe |
| 9:59 | Create | Scout Cavalry |
| 10:00 | Create | Scout Cavalry |
| 10:08 | Create | Villager (Male) |
| 10:11 | Build | House |
| 10:26 | Create | Villager (Male) |
| 10:30 | Build | Farm |
| 10:31 | Build | Farm |
| 10:53 | Create | Villager (Male) ×2 |
| 11:00 | Build | Farm |
| 11:01 | Build | Farm |
| 11:05 | Build | House |
| 11:12 | Create | Villager (Male) |
| 11:14 | Build | Farm |
| 11:23 | Build | House |
| 11:45 | Build | Farm |
| 11:51 | Create | Villager (Male) |
| 12:03 | Build | House |
| 12:09 | Create | Villager (Male) |
| 12:16 | Build | Farm |
| 12:21 | Build | House |
| 12:34 | Create | Villager (Male) |
| 12:56 | Create | Villager (Male) |
| 13:18 | Build | Archery Range |
| 13:18 | Create | Villager (Male) |
| 13:25 | Build | Farm |
| 13:35 | Build | House |
| 13:42 | Build | Mining Camp |
| 13:48 | Create | Villager (Male) |
| 14:13 | Build | Farm |
| 14:25 | Create | Villager (Male) |
| 14:51 | Build | Blacksmith |
| 14:54 | Create | Skirmisher |
| 15:00 | Create | Villager (Male) |
| 15:12 | Create | Skirmisher |
| 15:28 | Build | House |
| 15:36 | Research | Castle Age |
| 15:36 | Research | Castle Age |
| 15:38 | Create | Skirmisher |
| 15:39 | Create | Skirmisher |
| 16:01 | Create | Archer |
| 16:13 | Research | Horse Collar |
| 16:13 | Create | Skirmisher |
| 16:22 | Create | Villager (Male) |
| 16:29 | Build | Farm |
| 16:41 | Research | Padded Archer Armor |
| 16:41 | Research | Padded Archer Armor |
| 16:45 | Create | Skirmisher |
| 16:49 | Build | House |
| 17:03 | Create | Villager (Male) |
| 17:07 | Build | Farm |
| 17:07 | Build | Farm |
| 17:08 | Build | Farm |
| 17:27 | Build | House |
| 17:37 | Build | Palisade Gate |
| 17:46 | Create | Villager (Male) |
| 17:49 | Build | Farm |
| 17:50 | Build | Farm |
| 18:16 | Age | Castle Age |
| 18:18 | Create | Camel Scout |
| 18:18 | Create | Camel Scout |
| 18:28 | Research | Scale Barding Armor |
| 18:28 | Research | Scale Barding Armor |
| 19:01 | Research | Fletching |
| 19:09 | Create | Villager (Male) |
| 19:11 | Research | Elite Skirmisher (upgrade) |
| 19:25 | Create | Skirmisher |
| 19:35 | Create | Skirmisher |
| 19:36 | Create | Villager (Male) |
| 19:48 | Build | Farm |
| 19:59 | Research | Leather Archer Armor |
| 19:59 | Research | Leather Archer Armor |
| 20:03 | Create | Villager (Male) |
| 20:13 | Research | Bow Saw |
| 20:17 | Build | Farm |
| 20:19 | Create | Skirmisher |
| 20:19 | Create | Skirmisher |
| 20:30 | Create | Camel Scout |
| 20:36 | Build | House |
| 20:38 | Create | Villager (Male) |
| 20:39 | Build | Farm |
| 20:46 | Research | Town Watch |
| 21:03 | Build | Farm |
| 21:04 | Build | Farm |
| 21:12 | Research | Bodkin Arrow |
| 21:21 | Build | Farm |
| 21:23 | Create | Skirmisher |
| 21:23 | Create | Skirmisher |
| 21:30 | Create | Villager (Male) |
| 21:43 | Create | Villager (Male) |
| 21:51 | Create | Villager (Male) |
| 22:00 | Create | Skirmisher |
| 22:00 | Create | Skirmisher |
| 22:09 | Create | Villager (Male) |
| 22:38 | Build | Town Center |
| 22:47 | Create | Villager (Male) ×3 |
| 22:51 | Build | Town Center |
| 22:52 | Create | Skirmisher |
| 23:08 | Create | Villager (Male) |
| 23:11 | Build | House |
| 23:17 | Build | Palisade Wall |
| 23:18 | Build | Palisade Wall |
| 23:26 | Create | Skirmisher |
| 23:34 | Build | Palisade Wall |
| 23:50 | Create | Villager (Male) ×4 |
| 23:51 | Build | Farm |
| 23:58 | Create | Skirmisher |
| 24:07 | Create | Camel Scout |
| 24:14 | Create | Villager (Male) |
| 24:14 | Create | Villager (Male) |
| 24:27 | Create | Skirmisher |
| 24:32 | Create | Villager (Male) |
Match timeline
| 4:46 | hK | Siesta · first_building Barracks |
| 5:54 | hK | Siesta · wall_segment Palisade Wall x1 |
| 8:11 | GKT_Cloud · first_building Barracks |
| 8:52 | GKT_Cloud · age_up feudal |
| 9:20 | GKT_Cloud · first_building Stable |
| 9:23 | hK | Siesta · wall_segment Palisade Wall x5 |
| 9:24 | hK | Siesta · wall_segment Palisade Wall x3 |
| 10:04 | hK | Siesta · wall_segment Palisade Wall x14 |
| 10:05 | hK | Siesta · wall_segment Palisade Wall x1 |
| 10:43 | hK | Siesta · wall_segment Palisade Wall x6 |
| 11:04 | hK | Siesta · wall_segment Palisade Wall x3 |
| 11:06 | hK | Siesta · wall_segment Palisade Wall x2 |
| 11:09 | hK | Siesta · wall_segment Palisade Wall x1 |
| 11:13 | hK | Siesta · wall_segment Palisade Wall x6 |
| 11:26 | hK | Siesta · wall_segment Palisade Wall x1 |
| 11:33 | hK | Siesta · wall_segment Palisade Wall x1 |
| 11:46 | hK | Siesta · age_up feudal |
| 12:09 | hK | Siesta · first_building Archery Range |
| 13:03 | hK | Siesta · wall_segment Palisade Wall x1 |
| 13:18 | GKT_Cloud · first_building Archery Range |
| 13:23 | hK | Siesta · wall_segment Palisade Wall x2 |
| 13:24 | hK | Siesta · wall_segment Palisade Wall x1 |
| 13:26 | hK | Siesta · wall_segment Palisade Wall x1 |
| 13:29 | hK | Siesta · wall_segment Palisade Wall x1 |
| 14:29 | hK | Siesta · wall_segment Palisade Wall x1 |
| 14:32 | hK | Siesta · wall_segment Palisade Wall x1 |
| 16:19 | hK | Siesta · age_up castle |
| 18:16 | GKT_Cloud · age_up castle |
| 23:17 | GKT_Cloud · wall_segment Palisade Wall x1 |
| 23:18 | GKT_Cloud · wall_segment Palisade Wall x1 |
| 23:34 | GKT_Cloud · wall_segment Palisade Wall x1 |
| 24:30 | hK | Siesta · wall_segment Palisade Wall x1 |
| 26:30 | hK | Siesta · first_building Siege Workshop |
| 26:35 | hK | Siesta · wall_segment Palisade Wall x1 |
| 26:46 | GKT_Cloud · first_building Siege Workshop |
| 28:55 | hK | Siesta · first_building Stable |
| 31:44 | hK | Siesta · first_building Castle |
| 32:01 | hK | Siesta · first_building Monastery |
| 36:34 | GKT_Cloud · first_market_buy 100 food |
| 37:52 | GKT_Cloud · first_market_sell 500 wood |
| 38:38 | GKT_Cloud · first_building Castle |
| 40:12 | hK | Siesta · age_up imperial |
| 40:57 | GKT_Cloud · resign |
[ AI ANALYSIS · 1 CREDIT ]
What really happened in this match?
Wolo.gg analyzes every decision: build order, eco, micro, common mistakes by bracket. Personalized analysis on WhatsApp or Discord in 30 seconds.
Civ guide
Slavs
Perfil
Jugador #15174925